 Dungeon Crawl Stone Soup version 0.16.2-14-g7133f4a77c (webtiles) character file.

103840 faibistes the Eclecticist (level 15, -4/84 HPs)
             Began as a Deep Elf Wizard on Aug 28, 2021.
             Was the Champion of Sif Muna.
             Slain by a small abomination (11 damage)
             ... created by a deep elf death mage
             ... on level 1 of the Elven Halls on Aug 30, 2021.
             The game lasted 03:08:11 (48093 turns).

faibistes the Eclecticist (Deep Elf Wizard)        Turns: 48093, Time: 03:08:12

Health: -4/84      AC:  9    Str:  4    XL:     15   Next: 90%
Magic:  7/49       EV: 21    Int: 33    God:    Sif Muna [******]
Gold:   1038       SH:  0    Dex: 13    Spells: 12 memorised, 4 levels left

rFire  . . .     SeeInvis .     u - +5 dagger (venom)
rCold  . . .     Clarity  .     V - +0 robe {MR+}
rNeg   . . .     SustAb   .     (no shield)
rPois  +         Gourm    .     R - +0 helmet {Int+3}
rElec  .         Spirit   .     U - +3 cloak of Flash {+Fly EV+4}
rCorr  .         Warding  .     (no gloves)
rMut   +         Stasis   .     P - +1 pair of boots {Fly}
MR     ++...                    o - amulet of resist mutation
Stlth  ++........               n - ring of magical power
                                C - ring of poison resistance

@: flying, repel missiles, very resistant to hostile enchantments, unstealthy
A: spit poison 1
a: Spit Poison, Channel Energy, Forget Spell, Renounce Religion, Stop Flying


You were on level 1 of the Elven Halls.
You worshipped Sif Muna.
Sif Muna was exalted by your worship.
You were hungry.

You visited 5 branches of the dungeon, and saw 25 of its levels.
You also visited: Sewer.

You collected 3249 gold pieces.
You spent 2211 gold pieces at shops.

Inventory:

Hand weapons
 u - a +5 dagger of venom (weapon)
Armour
 b - a +0 hat of magic resistance
 g - the +0 robe "Mnedwiaj" {rElec Int-5 Slay+3 SInv}
   (You bought it in a shop on level 3 of the Orcish Mines)

   It affects your intelligence (-5).
   It affects your accuracy and damage with ranged weapons and melee attacks
   (+3).
   It insulates you from electricity.
   It enhances your eyesight.
 P - a +1 pair of boots of flying (worn)
 R - a +0 helmet of intelligence (worn)
 U - the +3 cloak of Flash (worn) {+Fly EV+4}
   (You bought it in a shop on level 9 of the Dungeon)

   It affects your evasion (+4).
   It lets you fly.
 V - a +0 robe of magic resistance (worn)
Jewellery
 d - the amulet of the Lobster {Inacc rElec rF+}
   (You found it on level 4 of the Dungeon)

   [amulet of inaccuracy]

   It reduces the accuracy of all your attacks.
   It protects you from fire.
   It insulates you from electricity.
 n - a ring of magical power (right hand)
 o - an amulet of resist mutation (around neck)
 C - a ring of poison resistance (left hand)
 T - an uncursed amulet of the gourmand {unknown}
Magical devices
 c - a wand of confusion (30)
 m - a wand of cold (5)
 p - a wand of magic darts (22)
 t - a wand of enslavement (9)
 x - a wand of disintegration (15)
 y - a wand of fire (11)
 z - a wand of enslavement (9)
 D - a wand of polymorph (11)
 G - a wand of confusion (25)
 K - a wand of lightning (7)
 L - a wand of teleportation (5)
 M - a wand of draining (8)
 X - a wand of paralysis (14)
 Z - a wand of lightning (3)
Scrolls
 j - 5 scrolls of remove curse
 k - a scroll of teleportation
 s - 3 scrolls of fog
 v - 2 scrolls of recharging
 w - 6 scrolls of fear
 F - 3 scrolls of magic mapping
 S - a scroll of enchant armour
Potions
 f - 2 potions of cure mutation
 h - 2 potions of brilliance
 i - 10 potions of curing
 l - 2 potions of restore abilities
 r - 3 potions of magic
 E - a potion of berserk rage {unknown}
 H - 2 potions of heal wounds
 I - 2 potions of cancellation
 J - 3 potions of haste
 O - 2 potions of invisibility {unknown}
 Y - a potion of ambrosia {unknown}
Books
 e - a book of Envenomations

   Spells                             Type                      Level
   a - Spider Form                    Transmutation/Poison         3
   b - Alistair's Intoxication        Transmutation/Poison         4
   c - Olgreb's Toxic Radiance        Poison                       4
   d - Poisonous Cloud                Conjuration/Poison/Air       6
 A - the Handbook of Combat Magic
   (You found it on level 1 of the Elven Halls)

   Spells                             Type                      Level
   a - Sticky Flame                   Conjuration/Fire             4
   b - Conjure Ball Lightning         Conjuration/Air              6
   c - Bolt of Cold                   Conjuration/Ice              6
Comestibles
 q - 16 bread rations
 B - 4 meat rations


   Skills:
 + Level 5.7 Fighting
 - Level 10.2 Dodging
 - Level 2.4 Stealth
 * Level 17.8 Spellcasting
 + Level 12.0 Conjurations
 * Level 8.3 Charms
 - Level 1.1 Summonings
 - Level 2.4 Translocations
 - Level 3.0 Transmutations
 + Level 10.7 Fire Magic
 - Level 6.1 Air Magic
 * Level 9.9 Earth Magic
 - Level 4.7 Poison Magic
 - Level 10.0 Invocations
 + Level 8.8 Evocations


You had 4 spell levels left.
You knew the following spells:

 Your Spells              Type           Power        Failure   Level  Hunger
a - Magic Dart            Conj           ####         0%          1    None
b - Conjure Flame         Conj/Fire      #######.     1%          3    None
c - Call Imp              Summ           #####...     1%          2    None
d - Blink                 Tloc           N/A          1%          2    None
e - Mephitic Cloud        Conj/Pois/Air  ######..     1%          3    None
f - Repel Missiles        Chrm/Air       ######       1%          2    None
i - Ignite Poison         Fire/Trmt      ######....   2%          5    None
j - Iron Shot             Conj/Erth      #######...   2%          6    None
k - Bolt of Magma         Conj/Fire/Erth #######...   1%          5    None
l - Lee's Rapid Deconstr  Erth           #######...   1%          5    None
v - Bolt of Fire          Conj/Fire      #######...   1%          6    None
z - Fireball              Conj/Fire      #######...   1%          5    None


Dungeon Overview and Level Annotations

Branches:
Dungeon (10/15)            Temple (1/1) D:4            Lair (8/8) D:8
  Swamp (0/5) Lair:4        Snake (0/5) Lair:5        Slime (0/6) Lair:6
    Orc (4/4) D:9             Elf (2/3) Orc:3

Altars:
Ashenzari
Cheibriados
Dithmenos
Elyvilon
Fedhas
Gozag
Kikubaaqudgha
Makhleb
Nemelex Xobeh
Okawaru
Qazlal
Ru
Sif Muna
Trog
Vehumet
Xom
Yredelemnul
Zin
The Shining One
Beogh

Shops:
D:9 [   Orc:2 (   Orc:3 *(:}(   Orc:4 ?*}=

Portals:
Hell: Lair:8


Innate Abilities, Weirdness & Mutations

You can spit poison.


Message History

Press: ? - help, Shift-Dir - straight line, f - small abomination
Aim: a small abomination (lightly damaged)
The iron shot misses the small abomination.
The small abomination misses you.
There is an open door here.
Drink which item? (? for menu, Esc to quit)
You feel much better. The small abomination misses you.
The small abomination barely misses you.
Drink which item? (? for menu, Esc to quit)
Okay, then.
Unknown command.
The hell rat twitches its whiskers.
The small abomination hits you! The small abomination hits you!!
* * * LOW HITPOINT WARNING * * *
The deep elf summoner mumbles some strange words.
The small abomination barely misses you.
The small abomination closely misses you.
The small abomination hits you!
You die...

#.....# ##)).## ##'#.#'#########
##.#####.##....!## # #######=##
##'.......## ## ##...##.##
##.).......## ##. ##.....'##
#...........# #..
##.......########..r[......)###..
#.........'.....@xrr........'.'..
+.........#######rre........###..
#.........# #...........# #..
##.....)..# ##.........## ##.
##)....### ##.......## #'#
##'#...## #'#.....## #.##
#.###'## '####'### # .## #.# ..#
#.# ## #.# #.#


You could see a deep elf summoner, a small abomination and 5 hell rats.

Vanquished Creatures
  Saint Roka (Orc:4)
  Asterion (Elf:1)
  Donald (Orc:4)
  Maud (Lair:7)
  Gastronok (Lair:3)
  A deep elf demonologist (Elf:1)
  A dire elephant (Lair:8)
  Azrael (Elf:1)
  A deep elf death mage (Elf:1)
  An ettin (Orc:4)
  Harold (Elf:1)
  9 hydras
  3 death yaks
  6 orc high priests (Orc:4)
  A sun demon (Lair:8)
  A fire crab (Lair:8)
  A wizard (Lair:8)
  6 deep elf knights (Elf:1)
  8 deep elf summoners (Elf:1)
  Pikel (D:7)
  A lindwurm (Orc:3)
  3 orc knights (Orc:4)
  5 deep elf conjurers (Elf:1)
  2 griffons
  A smoke demon (Lair:8)
  17 elephants
  4 orc sorcerers (Orc:4)
  4 black mambas
  A small abomination (Elf:1)
  A yaktaur (shapeshifter) (Elf:1)
  Psyche (Orc:1)
  A gargoyle (D:9)
  5 orange demons (Lair:8)
  17 spiny frogs
  3 fire drakes
  10 komodo dragons
  A jumping spider (Elf:1)
  A red devil (Lair:8)
  7 trolls (Orc:4)
  A hellwing (Lair:8)
  3 polar bears
  6 blue devils
  4 deep elf priests (Elf:1)
  7 two-headed ogres (Orc:4)
  A slime creature (Lair:6)
  22 blink frogs
  A spriggan (D:7)
  A redback (Elf:1)
  2 basilisks
  56 yaks
  12 hippogriffs
  Eustachio (D:7)
  12 deep elf magi
  A fire elemental (Elf:1)
  12 deep elf fighters
  15 wolves
  5 wargs (Orc:4)
  Edmund (D:5)
  6 swamp worms (Lair:4)
  2 nagas (Lair:5)
  A slave (D:7)
  An ice beast (D:7)
  4 hell hounds (Elf:1)
  17 porcupines
  13 water moccasins
  3 black bears
  3 phantoms
  The ghost of viperstalker the Skirmisher, an average CeFi (D:3)
  11 ogres
  45 orc warriors
  3 centaurs
  A sky beast (D:6)
  2 boring beetles
  17 crocodiles
  4 big kobolds
  20 giant frogs
  2 scorpions
  A water moccasin skeleton (D:7)
  4 killer bees (D:8)
  3 electric eels (Lair:4)
  11 wights
  2 goliath beetles (D:8)
  3 crimson imps (D:7)
  5 jellies
  8 hounds
  A giant frog zombie (D:7)
  A centaur skeleton (D:6)
  7 iguanas
  2 giant frog skeletons (D:5)
  46 orc priests
  2 gnoll shamans
  35 orc wizards
  4 hell rats
  4 worker ants
  22 sheep
  A hound skeleton (D:4)
  9 gnolls
  55 river rats
  3 shadow imps
  32 adders
  2 giant mites
  12 white imps
  12 worms
  2 adder zombies
  An adder skeleton (D:8)
  6 giant geckos
  4 oozes (Sewer)
  322 orcs
  21 bats
  A bat skeleton (D:6)
  6 giant cockroaches
  29 goblins
  18 hobgoblins
  14 jackals
  12 quokkas
  4 ball pythons
  A giant gecko skeleton (D:5)
  A giant gecko zombie (D:7)
  8 giant newts
  A giant spore (D:8)
  A jackal zombie (D:5)
  22 kobolds
  22 rats
  2 ballistomycetes (D:8)
  A crawling corpse (Elf:1)
  6 fungi
  A plant (Lair:7)
1244 creatures vanquished.

Vanquished Creatures (collateral kills)
  2 wolves (Lair:3)
  A hound (D:3)
  2 orc wizards (D:3)
  A gnoll (D:4)
  An orc (D:4)
  A bat (D:7)
  A kobold (D:7)
9 creatures vanquished.

Vanquished Creatures (others)
  A lost soul (Elf:1)
  A crimson imp (D:7)
  An iron imp (D:6)
  2 sheep (Lair:3)
  A shadow imp (D:7)
  A white imp (Lair:3)
  2 orcs (Orc:4)
  5 bushes (Lair:8)
  56 fungi
  19 plants
89 creatures vanquished.

Grand Total: 1342 creatures vanquished

Notes
Turn   | Place    | Note
--------------------------------------------------------------
     0 | D:1      | faibistes, the Deep Elf Wizard, began the quest for the Orb.
     0 | D:1      | Reached XP level 1. HP: 10/10 MP: 6/6
   333 | D:1      | Reached XP level 2. HP: 13/15 MP: 1/10
   490 | D:1      | Reached skill level 5 in Spellcasting
   725 | D:1      | Learned a level 2 spell: Blink
  1220 | D:2      | Reached XP level 3. HP: 17/19 MP: 7/14
  1224 | D:2      | Learned a level 2 spell: Slow
  1228 | D:2      | Learned a level 3 spell: Conjure Flame
  1270 | D:2      | Learned a level 3 spell: Mephitic Cloud
  1966 | D:2      | Reached XP level 4. HP: 24/24 MP: 13/17
  1977 | D:2      | Learned a level 2 spell: Call Imp
  2893 | D:4      | Found a staircase to the Ecumenical Temple.
  2910 | D:4      | Reached skill level 6 in Spellcasting
  2910 | D:4      | Reached XP level 5. HP: 28/28 MP: 7/20
  2914 | D:4      | Learned a level 2 spell: Repel Missiles
  3045 | D:4      | Got a transparent ruby amulet
  3077 | D:4      | Found a glowing drain.
  3085 | Sewer    | Entered a sewer
  3459 | Sewer    | Reached XP level 6. HP: 32/32 MP: 12/22
  4136 | Sewer    | Reached skill level 7 in Spellcasting
  4136 | Sewer    | Reached skill level 1 in Poison Magic
  4492 | Temple   | Entered the Ecumenical Temple
  4810 | D:3      | Reached skill level 1 in Air Magic
  5213 | D:3      | Reached XP level 7. HP: 34/36 MP: 16/25
  5326 | D:3      | Found a sacrificial altar of Ru.
  5329 | D:3      | Found a shadowy altar of Dithmenos.
  5368 | D:3      | Noticed viperstalker's ghost (average CeFi)
  5377 | D:3      | Killed viperstalker's ghost
  5462 | D:3      | Reached skill level 5 in Conjurations
  6373 | D:3      | Identified the amulet of the Lobster {Inacc rElec rF+} (You found it on level 4 of the Dungeon)
  6654 | D:5      | Entered Level 5 of the Dungeon
  6966 | D:4      | Found a burning altar of Makhleb.
  6972 | D:4      | Found a glowing silver altar of Zin.
  6972 | D:4      | Noticed an angel
  6973 | D:4      | Noticed a green death
  8043 | D:5      | Found an opulent altar of Gozag.
  8093 | D:5      | Noticed Edmund
  8105 | D:5      | Killed Edmund
  8105 | D:5      | Reached skill level 8 in Spellcasting
  8105 | D:5      | Reached XP level 8. HP: 41/41 MP: 12/27
  8775 | D:5      | Reached skill level 5 in Dodging
 10255 | D:8      | Found a staircase to the Lair.
 10256 | D:8      | Noticed an elephant
 10334 | D:7      | Noticed Eustachio
 10922 | D:6      | Reached skill level 9 in Spellcasting
 11635 | D:6      | Reached XP level 9. HP: 45/45 MP: 9/29
 11757 | D:6      | Found a shattered altar of Ashenzari.
 12140 | D:6      | Reached skill level 1 in Evocations
 12314 | D:6      | Reached skill level 1 in Fighting
 12885 | D:6      | Found a deep blue altar of Sif Muna.
 12918 | D:6      | Found an iron altar of Okawaru.
 13133 | D:6      | Reached skill level 10 in Spellcasting
 14154 | D:7      | Found a blossoming altar of Fedhas.
 14398 | D:6      | Became a worshipper of Sif Muna the Loreminder
 14681 | D:7      | Reached skill level 11 in Spellcasting
 14754 | D:7      | Killed Eustachio
 14754 | D:7      | Reached skill level 1 in Invocations
 14944 | D:7      | Noticed Pikel
 14950 | D:7      | Reached skill level 1 in Charms
 14950 | D:7      | Reached skill level 1 in Fire Magic
 14950 | D:7      | Reached XP level 10. HP: 47/54 MP: 26/32
 14954 | D:7      | Killed Pikel
 15524 | D:8      | Got an ancient dagger
 15525 | D:8      | Identified the +5 dagger "Shragun" {drain, +Rage rF+ rN+ Str+4 Int-4} (You found it on level 8 of the Dungeon)
 15559 | D:8      | Found a blossoming altar of Fedhas.
 15607 | D:9      | Found a staircase to the Orcish Mines.
 15607 | D:9      | Found Heetzosu's Armour Shop.
 15913 | D:9      | Acquired Sif Muna's first power
 16033 | D:9      | Bought the +3 cloak of Flash {+Fly EV+4} for 454 gold pieces
 16053 | D:10     | Entered Level 10 of the Dungeon
 16257 | D:8      | Killed an elephant
 16257 | D:8      | Reached skill level 5 in Evocations
 16403 | D:8      | Learned a level 5 spell: Lightning Bolt
 17030 | Lair:1   | Entered Level 1 of the Lair of Beasts
 17075 | Lair:1   | Noticed a black mamba
 17083 | Lair:1   | Killed a black mamba
 17367 | Lair:1   | Reached skill level 12 in Spellcasting
 17663 | Lair:1   | Reached XP level 11. HP: 59/59 MP: 30/34
 17736 | Lair:1   | Reached skill level 5 in Invocations
 18172 | Lair:3   | Noticed an elephant
 18172 | Lair:3   | Noticed an elephant
 18172 | Lair:3   | Noticed an elephant
 18172 | Lair:3   | Noticed an elephant
 18404 | Lair:2   | Acquired Sif Muna's second power
 18816 | Lair:2   | Reached skill level 5 in Air Magic
 20107 | Lair:3   | Noticed Gastronok
 20116 | Lair:3   | Killed Gastronok
 20116 | Lair:3   | Reached skill level 13 in Spellcasting
 20116 | Lair:3   | Reached skill level 5 in Fire Magic
 20231 | Lair:3   | Gained mutation: You can spit poison. [potion of beneficial mutation]
 20233 | Lair:4   | Found a frozen archway.
 20798 | Lair:4   | Noticed a death yak
 20798 | Lair:4   | Noticed a death yak
 20886 | Lair:3   | Killed an elephant
 20887 | Lair:3   | Killed an elephant
 20887 | Lair:3   | Reached XP level 12. HP: 64/64 MP: 17/35
 20894 | Lair:3   | Killed an elephant
 21187 | Lair:3   | Killed an elephant
 21996 | Lair:3   | Killed a death yak
 21996 | Lair:3   | Acquired Sif Muna's third power
 22170 | Lair:4   | Noticed a death yak
 22263 | Lair:3   | Killed a death yak
 22494 | Lair:4   | Killed a death yak
 22800 | Lair:5   | Noticed a six-headed hydra
 23038 | Lair:6   | Killed a six-headed hydra
 23038 | Lair:6   | Reached skill level 14 in Spellcasting
 23541 | Lair:6   | Reached skill level 10 in Dodging
 23830 | Lair:4   | Noticed a four-headed hydra
 23859 | Lair:4   | Killed a four-headed hydra
 24394 | Lair:4   | Learned a level 2 spell: Stoneskin
 24665 | Lair:4   | Found a staircase to the Swamp.
 24942 | Lair:4   | Reached skill level 1 in Transmutations
 25665 | Lair:4   | Reached XP level 13. HP: 64/68 MP: 30/37
 25704 | Lair:5   | Reached skill level 1 in Earth Magic
 26899 | Lair:5   | Found an opulent altar of Gozag.
 27207 | Lair:5   | Found a staircase to the Snake Pit.
 28318 | Lair:6   | Received a gift from Sif Muna
 28318 | Lair:6   | Reached skill level 15 in Spellcasting
 28319 | Lair:6   | Identified Sif Muna's Collected Works on Attacks (Sif Muna gifted it to you on level 6 of the Lair of Beasts)
 28591 | Lair:6   | Noticed a four-headed hydra
 28764 | Lair:8   | Entered Level 8 of the Lair of Beasts
 28781 | Lair:6   | Killed a four-headed hydra
 29269 | Lair:6   | Reached skill level 10 in Conjurations
 30090 | Lair:6   | Found a staircase to the Slime Pits.
 30604 | Lair:7   | Reached skill level 10 in Invocations
 30739 | Lair:7   | Noticed Maud
 31387 | Lair:7   | Reached skill level 5 in Earth Magic
 31933 | Lair:7   | Killed Maud
 32105 | Lair:7   | Reached XP level 14. HP: 74/74 MP: 33/38
 32837 | Lair:8   | Noticed a dire elephant
 33712 | Lair:8   | Reached skill level 16 in Spellcasting
 34128 | Lair:8   | Killed a dire elephant
 34128 | Lair:8   | Received a gift from Sif Muna
 35043 | Lair:8   | Found a burning altar of Makhleb.
 35491 | Lair:8   | Identified Sif Muna's Compendium of the Hurtful Mountains (Sif Muna gifted it to you on level 8 of the Lair of Beasts)
 35498 | Lair:8   | Learned a level 5 spell: Lee's Rapid Deconstruction
 35505 | Lair:8   | Learned a level 6 spell: Iron Shot
 35511 | Lair:8   | Learned a level 5 spell: Bolt of Magma
 36779 | Lair:8   | Found a gateway to Hell.
 37081 | Orc:1    | Entered Level 1 of the Orcish Mines
 37508 | Orc:3    | Found Twafet's Gadget Boutique.
 37791 | Orc:1    | Found a burning altar of Makhleb.
 38368 | Orc:1    | Noticed Psyche
 38371 | Orc:1    | Killed Psyche
 38711 | Orc:3    | Bought a wand of teleportation (7) for 363 gold pieces
 38729 | Orc:4    | Entered Level 4 of the Orcish Mines
 39155 | Orc:3    | Found Gugaf's Antique Weapon Shoppe.
 40584 | Orc:4    | Paralysed by an orc priest for 6 turns
 40799 | Orc:3    | Found a staircase to the Elven Halls.
 41183 | Orc:3    | Found an iron altar of Okawaru.
 41192 | Orc:3    | Found Shufil's Assorted Antiques.
 41200 | Orc:3    | Found Mestriuca's Weapon Shop.
 41203 | Orc:3    | Bought a transparent robe for 188 gold pieces
 41203 | Orc:3    | Bought a scroll of identify for 66 gold pieces
 41203 | Orc:3    | Bought a peridot ring for 165 gold pieces
 41203 | Orc:3    | Bought a scroll labeled PIEHIVVE DEVEI for 33 gold pieces
 41219 | Orc:3    | Identified the +0 robe "Mnedwiaj" {rElec Int-5 Slay+3 SInv} (You bought it in a shop on level 3 of the Orcish Mines)
 41261 | Orc:3    | Found Phuss' Book Shop.
 41269 | Orc:3    | Bought a book of Fire for 910 gold pieces
 41275 | Orc:3    | Learned a level 5 spell: Fireball
 41284 | Orc:3    | Learned a level 6 spell: Bolt of Fire
 41451 | Orc:3    | Learned a level 5 spell: Ignite Poison
 41491 | Orc:2    | Found Weuzxoad's Antique Weapon Boutique.
 42512 | Orc:4    | Reached skill level 17 in Spellcasting
 42512 | Orc:4    | Reached skill level 10 in Fire Magic
 42652 | Orc:4    | Found Vocviab's Magic Scroll Emporium.
 42655 | Orc:4    | Found a roughly hewn altar of Beogh.
 42954 | Orc:4    | Found Cisanumn's Assorted Antiques.
 42959 | Orc:4    | Bought a scroll labeled GYNTAD MAOW for 32 gold pieces
 43551 | Orc:4    | Noticed Saint Roka
 43726 | Orc:4    | Reached XP level 15. HP: 81/81 MP: 38/40
 44322 | Orc:4    | Paralysed by an orc sorcerer for 4 turns
 44518 | Orc:4    | Found Isaz's Jewellery Shoppe.
 44523 | Orc:4    | Killed Saint Roka
 44523 | Orc:4    | Reached skill level 5 in Fighting
 44523 | Orc:4    | Reached skill level 5 in Charms
 44837 | Orc:4    | Found a roughly hewn altar of Beogh.
 44854 | Orc:4    | Noticed Donald
 44936 | Orc:4    | Received a gift from Sif Muna
 44937 | Orc:4    | Identified Sif Muna's Reference Book on Conjuration and Weightlessness (Sif Muna gifted it to you on level 4 of the Orcish Mines)
 45157 | Orc:4    | Killed Donald
 45353 | Orc:4    | Found Xeelar's Gadget Emporium.
 46133 | Elf:1    | Entered Level 1 of the Elven Halls
 46340 | Elf:1    | Found a radiant altar of Vehumet.
 46951 | Elf:1    | Noticed a Hell Sentinel
 46969 | Elf:1    | Identified the Handbook of Combat Magic
 47191 | Elf:1    | Noticed Azrael
 47200 | Elf:1    | Killed Azrael
 47624 | Elf:1    | Noticed Harold
 47628 | Elf:1    | Killed Harold
 47672 | Elf:1    | Noticed Asterion
 47678 | Elf:1    | Killed Asterion
 48093 | Elf:1    | Slain by a small abomination

Action                   |  1- 3 |  4- 6 |  7- 9 | 10-12 | 13-15 || total
-------------------------+-------+-------+-------+-------+-------++-------
Melee: Dagger            |     7 |    22 |    57 |   260 |   451 ||   797
 Cast: Magic Dart        |    96 |   167 |   638 |   461 |   219 ||  1581
       Mephitic Cloud    |     2 |    19 |    26 |    61 |    86 ||   194
       Blink             |     1 |     5 |    21 |    30 |    61 ||   118
       Repel Missiles    |       |     2 |     2 |     2 |     1 ||     7
       Call Imp          |       |     2 |    11 |     2 |       ||    15
       Conjure Flame     |       |     1 |    48 |   104 |   105 ||   258
       Slow              |       |       |     2 |       |     1 ||     3
       Lightning Bolt    |       |       |       |   105 |   337 ||   442
       Lee's Rapid Decon |       |       |       |       |   137 ||   137
       Fireball          |       |       |       |       |   104 ||   104
       Iron Shot         |       |       |       |       |    36 ||    36
       Bolt of Fire      |       |       |       |       |    75 ||    75
       Bolt of Magma     |       |       |       |       |     1 ||     1
Invok: Channel Energy    |       |       |       |    53 |   129 ||   182
       Forget Spell      |       |       |       |       |     3 ||     3
Evoke: Wand              |       |       |       |     1 |     5 ||     6
  Use: Scroll            |       |     1 |    11 |    23 |    13 ||    48
       Potion            |       |       |       |     1 |     3 ||     4
 Stab: Sleeping          |     1 |       |     1 |       |     1 ||     3
       Confused          |       |       |     4 |     8 |    18 ||    30
       Fleeing           |       |       |       |     1 |       ||     1
  Eat: Bread ration      |     1 |       |     2 |       |     2 ||     5
       Chunk             |       |     8 |    18 |    38 |    76 ||   140
       Pizza             |       |       |     1 |     2 |     1 ||     4
       Royal jelly       |       |       |     1 |       |       ||     1
       Beef jerky        |       |       |       |     1 |     2 ||     3
